Cogmind - Beta 16 *** ADVENTURER MODE // 2025.10.26 @ 23:17:17 Player: Frisko Result: Destroyed by SL-2WL(R) with Subdweller Beam Cannon Performance ------------- Evolutions (0) 0 Regions Visited (2) 400 Robots Destroyed (5) 25 Value Destroyed (200) 200 Prototype IDs (0) 0 Alien Tech Used (0) 0 Bonus (0) 0 TOTAL SCORE: 625 Bonus ------- None Cogmind --------- Core Integrity 0/250 Matter 294/300 Energy 250/250 System Corruption 5% Temperature Cool (9) Movement Rolling (210) Ox10 Location -10/Subcaves Parts ------- > --- POWER (1) -------- Ion Engine > --- PROPULSION (2) --- Subdweller Monowheel > --- UTILITY (2) ------ Humpback > --- WEAPON (2) ------- Medium Laser Battle Rifle > --- INVENTORY (35) --- Subdweller Power Source Subdweller Power Source Subdweller Monowheel Subdweller Optics Scrap Shield Subdweller Laser Light Assault Rifle Subdweller Machine Gun Peak State ------------ > --- POWER ------------ Ion Engine > --- PROPULSION ------- Light Treads Compact Wheel > --- UTILITY ---------- Humpback > --- WEAPON ----------- Medium Laser Battle Rifle > --- INVENTORY -------- Subdweller Power Source Subdweller Optics Scrap Shield Subdweller Laser Light Assault Rifle Subdweller Machine Gun [Rating: 9] Favorites ----------- Power Ion Engine Engine Ion Engine Propulsion Compact Wheel Treads Light Treads Wheel Compact Wheel Utility Humpback Storage Humpback Weapon Medium Laser Energy Gun Medium Laser Ballistic Gun Battle Rifle Build | -11 -10 -10 ------- Run | Yrd Mat Sub Slots Evolved . | . . . Power . | . . . Propulsion . | . . . Utility . | . . . Weapon . | . . . Parts Attached 14 | 5 . 9 Power 2 | 1 . 1 Engine 2 | 1 . 1 Core . | . . . Reactor . | . . . Propulsion 5 | 2 . 3 Treads 2 | . . 2 Leg . | . . . Wheel 3 | 2 . 1 Hover . | . . . Flight . | . . . Utility 2 | 1 . 1 Device . | . . . Storage 2 | 1 . 1 Processor . | . . . Hackware . | . . . Protection . | . . . Artifact . | . . . Weapon 5 | 1 . 4 Energy Gun 1 | . . 1 Energy Cannon . | . . . Ballistic Gun 4 | 1 . 3 Ballistic Cannon . | . . . Launcher . | . . . Special Weapon . | . . . Impact Weapon . | . . . Slashing Weapon . | . . . Piercing Weapon . | . . . Special Melee Weapon . | . . . Unidentified Prototypes . | . . . Parts Lost 7 | . . 7 Power 1 | . . 1 Propulsion 4 | . . 4 Utility . | . . . Weapon 2 | . . 2 Highest Loss Streak 4 | . . 4 To Critical Strikes . | . . . Average Backups 6 | 2 5 6 Power 1 | . 1 1 Propulsion . | . 2 . Utility . | . . 1 Weapon 2 | 1 2 2 Tool/Special . | . . . Unused Backups 7 | . . 7 Power 2 | . . 2 Propulsion 1 | . . 1 Utility 2 | . . 2 Weapon 2 | . . 2 Tool/Special . | . . . Average Slot Usage (%) 71 | . 71 71 Engine 13 | . 14 13 Treads 2 | . . 2 Wheel 18 | . 28 17 Storage 14 | . 14 14 Energy Gun 7 | . . 8 Ballistic Gun 14 | . 14 14 Peak Build Rating 9 | 5 5 9 Average Rating 6 | 4 5 7 On Entrance 3 | . 5 5 Avg Prop Armor Cover (%) 10 | . . 10 Naked Turns . | . . . Heaviest Build 209 | 12 12 209 Greatest Support 40 | 32 32 40 Greatest Overweight (x) 69 | . . 69 Average Overweight (x) 4 | . . 4 Largest Inventory Capacity 35 | 8 8 35 Average Capacity 22 | 7 8 24 Most Carried 9 | 5 5 9 Average Carried 6 | 2 5 7 Final Capacity 35 | 8 8 35 Final Carried 9 | 5 5 9 Class Distribution -------------------- 55% | Hauler-Mutant 44% | Mutant Dominant Class ---------------- Mutant | -10/Materials Hauler-Mutant | -10/Subcaves Resources | -11 -10 -10 ----------- Run | Yrd Mat Sub Matter Collected 447 | 170 . 277 Remotely . | . . . Salvage Created 216 | . . 216 Parts 11 | . . 11 Haulers Intercepted . | . . . Recyclers Shooed . | . . . Parts Field Recycled . | . . . Retrieved Matter . | . . . Parts Self-Destructed . | . . . Prevented . | . . . Parts Restored . | . . . Kills | -11 -10 -10 ------- Run | Yrd Mat Sub Combat Hostiles Destroyed 5 | . . 5 Guns 5 | . . 5 Classes Destroyed 1 | . . 1 Subdweller 5 | . . 5 Best Kill Streak 2 | . . 2 Combat Bots Only 2 | . . 2 Max Kills in Single Turn 2 | . . 2 Gunslinging 1 | . . 1 Exploded . | . . . Melee . | . . . Uniques/NPCs Destroyed . | . . . Combat | -11 -10 -10 -------- Run | Yrd Mat Sub Hostile Shots Fired 51 | . . 51 Missed 15 | . . 15 Hits 36 | . . 36 Projectile 36 | . . 36 AOE 8 | . . 8 Critical Strikes 1 | . . 1 Damage Taken 1161 | . . 1161 Core 251 | . . 251 Absorbed by Shields . | . . . Ignored by Resistances 248 | . . 248 Core Remaining (%) 100 | 100 . . Volleys Fired 25 | . . 25 Largest 2 | . . 2 Hottest 75 | . . 75 Shots Fired 45 | . . 45 Gun 45 | . . 45 Cannon . | . . . Launcher . | . . . Special . | . . . Kinetic 32 | . . 32 Thermal 13 | . . 13 Explosive . | . . . Electromagnetic . | . . . Robot Hit Streak 18 | . . 18 Robot Miss Streak 1 | . . 1 Penetration Max . | . . . Secondary Targets 1 | . . 1 Max Gunslinging Chain 1 | . . 1 Shots Hit Robots 39 | . . 39 Core Hits 10 | . . 10 Critical Kills . | . . . Critical Parts Destroyed . | . . . Critical Strikes . | . . . Melee Attacks . | . . . Impact . | . . . Slashing . | . . . Piercing . | . . . Sneak Attacks . | . . . Combat Hostiles . | . . . Follow-up Attacks . | . . . Damage Inflicted 482 | . . 482 Guns 482 | . . 482 Cannons . | . . . Explosions . | . . . Melee . | . . . Ramming . | . . . Kinetic 358 | . . 358 Thermal 124 | . . 124 Explosive . | . . . Electromagnetic . | . . . Impact . | . . . Slashing . | . . . Piercing . | . . . Highest Corruption 5 | . . 5 Average Corruption 5 | . . 5 Corruption Purged . | . . . Corruption Blocked . | . . . Effects 25 | . . 25 Message Errors 5 | . . 5 Matter Fused 8 | . . 8 Heat Flow Errors 3 | . . 3 Energy Discharges 2 | . . 2 Data Loss (minor) 5 | . . 5 Data Loss (major) 2 | . . 2 Overload Shots . | . . . Overflow Damage . | . . . Projectiles . | . . . Explosions . | . . . Melee . | . . . Knockbacks . | . . . Impact . | . . . Kinetic . | . . . Secondary . | . . . Self-Inflicted Damage . | . . . Shots . | . . . Rammed . | . . . Targets Rammed . | . . . Kicked . | . . . Crushed . | . . . Highest Temperature 222 | . . 222 Average Temperature 58 | . . 58 Received Heat Transfer 180 | . . 180 Siege Activations . | . . . Martial Activations . | . . . Shielding Activations . | . . . Robots Disrupted . | . . . Combat Hostiles . | . . . Robots Corrupted . | . . . Combat Hostiles . | . . . Parts Fried . | . . . Impact Corruptions . | . . . Robots Melted . | . . . Combat Hostiles . | . . . Parts Melted 2 | . . 2 Heat Transferred 370 | . . 370 Parts Sabotaged . | . . . Parts Stolen . | . . . Parts Stripped . | . . . Power Chain Reactions . | . . . Alert | -11 -10 -10 ------- Run | Yrd Mat Sub Maximum Alert Level . | . . . Low Security (%) 100 | 100 100 . Level 1 . | . . . Level 2 . | . . . Level 3 . | . . . Level 4 . | . . . Level 5 . | . . . High Security . | . . . Max Security . | . . . Peak Influence . | . . . Initial . | . . . Average . | . . . Influence Increases . | . . . Influence Decreases . | . . . Squads Dispatched . | . . . Investigation . | . . . Extermination . | . . . Reinforcement . | . . . Assault . | . . . Garrison . | . . . Intercept . | . . . Searches Triggered . | . . . Construction Impeded . | . . . Haulers Reinforced . | . . . Active Scanning Responses . | . . . Cargo Convoy Interrupts . | . . . Stealth | -11 -10 -10 --------- Run | Yrd Mat Sub Distress Signals . | . . . Communications Jammed . | . . . Distress Signals . | . . . Times Spotted 10 | . . 10 Peak Tracking Total 2 | . . 2 Tactical Retreats . | . . . Traps | -11 -10 -10 ------- Run | Yrd Mat Sub Traps Triggered . | . . . Indirectly . | . . . Trap Hack Attempts . | . . . Triggered . | . . . Disarmed . | . . . Reprogrammed . | . . . Reused . | . . . Traps Extracted . | . . . Installed . | . . . Triggered . | . . . Machines | -11 -10 -10 ---------- Run | Yrd Mat Sub Machines Disabled . | . . . Max in Single Turn . | . . . Machines Repaired . | . . . Machines Dismantled . | . . . Machines Sabotaged . | . . . Overloaded Fab Kills . | . . . Hacking | -11 -10 -10 --------- Run | Yrd Mat Sub Machines Accessed 2 | . . 2 Terminals . | . . . Fabricators . | . . . Repair Stations . | . . . Recycling Units . | . . . Scanalyzers . | . . . Garrison Access . | . . . Total Hacks 3 | . . 3 Successful 3 | . . 3 Failed . | . . . Catastrophic . | . . . Database Lockouts . | . . . Manual . | . . . Terminals . | . . . Fabricators . | . . . Repair Stations . | . . . Recycling Units . | . . . Scanalyzers . | . . . Garrison Access . | . . . Terminal Hacks 3 | . . 3 Record 1 | . . 1 Open Door 1 | . . 1 Release Object 1 | . . 1 Fabricator Hacks . | . . . Repair Station Hacks . | . . . Recycling Unit Hacks . | . . . Scanalyzer . | . . . Garrison Access Hacks . | . . . Unauthorized Hacks . | . . . Terminals . | . . . Fabricators . | . . . Repair Stations . | . . . Recycling Units . | . . . Scanalyzers . | . . . Garrison Access . | . . . Data Cores Recovered . | . . . Used . | . . . Hacking Detections . | . . . Full Trace Events . | . . . Feedback Events . | . . . Feedback Blocked . | . . . Robot Schematics Acquired . | . . . Robots Built . | . . . Authchips . | . . . Time . | . . . Total Robot Build Rating . | . . . Part Schematics Acquired . | . . . Parts Built . | . . . Authchips . | . . . Time . | . . . Total Part Build Rating . | . . . Part Studies Acquired . | . . . Parts Repaired . | . . . Time . | . . . Parts Recycled . | . . . Recycled Matter . | . . . Retrieved Matter . | . . . Retrieved Components . | . . . Parts Scanalyzed . | . . . Part Schematics Acquired . | . . . Parts Damaged . | . . . Bothacking | -11 -10 -10 ------------ Run | Yrd Mat Sub Used RIF Installer . | . . . Robots Hacked . | . . . Non-combat . | . . . Combat . | . . . Robot Hacks Applied . | . . . Relay Couplers Released . | . . . Fabnet Peak Effective % . | . . . Robots Rewired . | . . . Allies Hacked . | . . . Hacks Repelled . | . . . Allies | -11 -10 -10 -------- Run | Yrd Mat Sub Total Allies . | . . . Largest Group . | . . . Highest-Rated Group . | . . . Highest-Rated Ally . | . . . Total Orders . | . . . Ally Attacks . | . . . Total Damage . | . . . Kills . | . . . Allies Corrupted . | . . . Allies Melted . | . . . Intel | -11 -10 -10 ------- Run | Yrd Mat Sub Active Infowar (turns) . | . . . Robot Analysis Total . | . . . Derelict Logs Recovered . | . . . Drone Launches . | . . . Drone Recoveries . | . . . Exploration | -11 -10 -10 ------------- Run | Yrd Mat Sub Turns Passed 1698 | 48 100 1550 Spaces Moved 857 | 36 16 805 Core 7 | 5 . 2 Treads 9 | . . 9 Legs . | . . . Wheels 841 | 31 16 794 Hover . | . . . Flight . | . . . Fastest Speed 50 | 50 100 100 Average Speed 157 | 93 100 161 Slowest Speed 3500 | 100 100 3500 Overloaded Moves . | . . . Propulsion Burnouts . | . . . Robots Hopped . | . . . Potential Cave-ins . | . . . Cave-ins Triggered 1 | . . 1 Exploration Rate (%) 16 | 3 3 44 Regions Visited 2 Branch Regions 1 Pre-discovered Areas 1 | . . 1 Known Exits Taken . | . . . Unknown Exits Taken 2 | 1 1 . Scrap Searched . | . . . Spaces Dug . | . . . Terrain Destroyed . | . . . Melee . | . . . Projectile . | . . . AOE . | . . . Terrain Rammed . | . . . Walls Destroyed . | . . . Machines Disabled . | . . . Actions | -11 -10 -10 --------- Run | Yrd Mat Sub Total 1164 | 50 100 1014 Wait 247 | . 85 162 Move 855 | 35 15 805 Hop . | . . . Pick Up 21 | 10 . 11 Fast Attach . | . . . Attach 13 | 5 . 8 Detach . | . . . Swap 2 | . . 2 Drop 1 | . . 1 Fire 25 | . . 25 Melee . | . . . Ram . | . . . Kick . | . . . Crush . | . . . Escape Stasis . | . . . Rewire . | . . . Trap . | . . . Miscellaneous . | . . . Route ------- -11/Scrapyard -10/Materials -10/Subcaves (discovered 2 exits: [*Mat] / [*Scr]) History --------- Turn | Location | Event 24 | -11/Scrapyard | Discovered new exit (range 15) 49 | -11/Scrapyard | Entered Materials 50 | -10/Materials | Met a group of wandering Federalists 132 | -10/Materials | Discovered new exit (range 5) 149 | -10/Materials | Entered Subcaves 150 | -10/Subcaves | Continued accompanying wandering Federalists (6) 150 | -10/Subcaves | Approached by a straggling Scientist 158 | -10/Subcaves | Ambushed by Subdwellers from Twisted Machinery 316 | -10/Subcaves | Build established: Mutant 468 | -10/Subcaves | Discovered new exit (range 14) 718 | -10/Subcaves | Shifting Twisted Machinery released Sub. Machine Gun 719 | -10/Subcaves | Shifting Twisted Machinery released Sub. Power Source 725 | -10/Subcaves | Ambushed by Subdweller buried in earth 729 | -10/Subcaves | Core integrity fell below 50% 748 | -10/Subcaves | Crushed by falling debris 785 | -10/Subcaves | Lost 4 parts (1p1n2w) 885 | -10/Subcaves | Shifting Twisted Machinery released Sub. Laser 918 | -10/Subcaves | Shifting Twisted Machinery released Scrap Shield 1046 | -10/Subcaves | Build established: Hauler-Mutant 1249 | -10/Subcaves | Learned location of Zion (-7) 1249 | -10/Subcaves | Met a Zionite searching for "candidates" 1624 | -10/Subcaves | Core integrity fell below 20% 1699 | -10/Subcaves | A Subdweller sparked back to life 1699 | -10/Subcaves | A Subdweller sparked back to life 1699 | -10/Subcaves | A Subdweller sparked back to life 1699 | -10/Subcaves | Destroyed by SL-2WL(R) with Subdweller Beam Cannon Last Messages --------------- 01313_ System corrupted: Matter fused (-5). [Achievement: I Have A Map?] 01393_ System corrupted: Heat flow error (+140). 01422_ System corrupted: Energy discharge (-67). 01443_ System corrupted: Matter fused (-10). 01466_ PY5GI40JLGX 01574_ System corrupted: Matter fused (-8). 01574_ Acquired 20 matter. 01595_ System corrupted: Matter fused (-7). 01631_ Sub. Optics melted. 01631_ Sub. Beam Cannon melted. 01631_ HI-TMW(R) destroyed. 01636_ Acquired 30 matter. 01640_ Acquired Sub. Monowheel. 01658_ System corrupted: Matter fused (-6). 01683_ System corrupted: Energy discharge (-100). 01699_ SL-2WL(R) creaks and sparks as it begins to move. 01699_ R9-2EU(R) creaks and sparks as it begins to move. 01699_ WK-B6L(R) creaks and sparks as it begins to move. Map ----- +----------------------------------------------------+ | ?????????????????????? #?????## #??????# | | ???????????????????????# ???### ##?????# | | ????????????????????????# ##?# #?????? | | ?????????????????????????# #?##& ### ##?????? | | ????????????????????###???# ####%& #?###??????? | | ???????????????????## #?## ##??????????? | | ???????????????????# ## #???????????? | | ????????????????????# #" #???????????? | | ??????????????? ???## ##???????????? | | ?????????????? ## #????????????? | | ?????????????? #????????????? | | ??????????????# #????????????? | | ???????????????# # #????????????? | | ?????????????????????# ; #????????????? | | ????????????????????## #; ##????????????? | | ????????????????????# "#?????????????? | | ?????????????????? ## < ; #?????????????? | | ?????????????????"""?## # ######?????????????? | | ?????????????????"""## < <<## #??????????????????? | | ?????????????????#""## R####??????????????????? | | ????????????????? #<